 Dungeon Crawl Stone Soup version 0.30.0 (webtiles) character file.

Game seed: 873907033531104529

1807 mallonox the Protected (level 8, -4/75 HPs)
             Began as a Minotaur Berserker on Oct 3, 2023.
             Was an Elder of Trog.
             Slain by an orc wizard
             ... wielding a +2 dagger of electrocution
              (17 damage)
             ... on level 6 of the Dungeon.
             The game lasted 00:12:06 (5383 turns).

mallonox the Protected (Minotaur Berserker)         Turns: 5383, Time: 00:12:06

Health: -4/75      AC: 22    Str: 24    XL:     8   Next: 84%
Magic:  7/7        EV: 11    Int:  1    God:    Trog [****..]
Gold:   170        SH:  0    Dex: 12    Spells: 7/7 levels left

rFire   + . .        w - +3 hand axe
rCold   + . .        (no shield)
rNeg    . . .        u - +8 chain mail "Tixidel" {rF+ Will++ Int-3 Dex+2}
rPois   .            (helmet restricted)
rElec   .            h - +0 cloak
rCorr   .            (no gloves)
SInv    .            b - +0 pair of boots
Will    ++...        (no amulet) Stlth
                     o - ring of protection from cold
HPRegen 0.32/turn    (no ring)
MPRegen 0.10/turn

%: no passive effects
@: no status effects
A: horns 2, retaliatory headbutt
a: Renounce Religion, Berserk, Trog's Hand, Brothers in Arms


You were on level 6 of the Dungeon.
You worshipped Trog.
Trog was greatly pleased with you.
You visited 1 branch of the dungeon, and saw 6 of its levels.

You collected 240 gold pieces.
You spent 70 gold pieces at shops.

Inventory:

Hand Weapons
 w - a +3 hand axe (weapon)
 x - a +0 flail of protection
Armour
 b - a +0 pair of boots (worn)
 h - a +0 cloak (worn)
 u - the +8 chain mail "Tixidel" (worn) {rF+ Will++ Int-3 Dex+2}
   (You found it on level 5 of the Dungeon)

   Int:       It affects your intelligence (-3).
   Dex:       It affects your dexterity (+2).
   rF:        It protects you from fire.
   Will:      It greatly increases your willpower.
Jewellery
 o - a ring of protection from cold (left hand)
Scrolls
 c - 5 scrolls of identify {unknown}
 d - a scroll of brand weapon {unknown}
 e - 4 scrolls of enchant armour {unknown}
 f - 2 scrolls of immolation {unknown}
 g - 2 scrolls of fog {unknown}
 j - a scroll of silence {unknown}
 k - 2 scrolls of fear {unknown}
 l - a scroll of torment {unknown}
 m - a scroll of poison {unknown}
 n - 5 scrolls of teleportation {unknown}
 p - 2 scrolls of blinking {unknown}
 t - 2 scrolls of amnesia {unknown}
 y - a scroll of magic mapping {unknown}
Potions
 i - a potion of lignification {unknown}
 q - a potion of flight {unknown}
 r - 3 potions of curing {unknown}
 s - 2 potions of heal wounds


   Skills:
 + Level 8.3 Fighting
 - Level 3.6 Axes
 + Level 10.3 Armour
 + Level 5.5 Dodging


You had 7 spell levels left.
You didn't know any spells.
Your spell library was empty.

Dungeon Overview and Level Annotations

Branches:
Dungeon (6/15)             Temple (0/1) D:6

Altars:
Fedhas
Nemelex Xobeh
Qazlal
Vehumet
Xom

Shops:
D:1 ?   D:2 (   D:3 [   D:4 !


Innate Abilities, Weirdness & Mutations

You have a pair of horns on your head.
You reflexively headbutt those who attack you in melee.


Message History

You hit the hound.
The hound is moderately wounded.
The hound bites you but does no damage. The hound barely misses you.
You slash the hound!
The hound is almost dead.
The hound closely misses you.
The orc wizard casts a spell.
The orc wizard flickers and vanishes!
Deactivating autopickup; reactivate with Ctrl-A.
You hit the hound.
The hound is almost dead.
The hound closely misses you. The hound barely misses you.
You slash the hound!
You kill the hound!
Trog accepts your kill.
No target in view!
No target in view!
No target in view!
No target in view!
No target in view!
You hit something but do no damage. Something hits you.
You are electrocuted!
Something hits you but does no damage.
You are electrocuted!
You hit something. Something hits you but does no damage.
You hit something.
You hear some strange, mumbled words.
A magic dart appears from out of thin air!
The magic dart hits you.
You hit something but do no damage. Your headbutt misses something.
Something hits you but does no damage.
You are electrocuted!!
You hit something. Something hits you but does no damage.
You are electrocuted!
* * * LOW HITPOINT WARNING * * *
You miss something. Your headbutt misses something.
Something hits you but does no damage.
You closely miss something. Something hits you.
* * * LOW HITPOINT WARNING * * *
You hit something. Your headbutt misses something.
Something hits you but does no damage. Something hits you.
* * * LOW HITPOINT WARNING * * *
You are electrocuted!
You die...

#.# ..# #.. #.#
#.# #.# #.# .
#{####..# ...
#@......#
.....#.####..#
...........#..#
......#.##.#..#
#######.##.#..#
#.......#
##.##.#..#
.........#
........##.#


There were no monsters in sight!

Vanquished Creatures
  The ghost of Caterwaul the Slasher, a novice HuMo (D:5)
  A water moccasin (D:6)
  A black bear (D:4)
  2 ice beasts (D:5)
  An ogre (D:6)
  A phantom (D:4)
  A kobold brigand (D:5)
  2 scorpions (D:5)
  A howler monkey (D:6)
  A bullfrog zombie (D:4)
  8 hounds
  2 jellies (D:6)
  A scorpion zombie (D:4)
  3 iguanas (D:6)
  5 orc wizards (D:6)
  5 adders
  5 gnolls
  A white imp (D:6)
  An ufetubus (D:5)
  3 adder zombies (D:4)
  2 worms
  2 dart slugs
  14 orcs
  7 endoplasms
  3 giant cockroaches
  A hobgoblin (D:1)
  7 jackals (D:2)
  12 kobolds
  5 quokkas
  8 ball pythons
  4 bats
  5 frilled lizards
  13 goblins
  6 rats
135 creatures vanquished.

Vanquished Creatures (others)
  A fungus (D:5)
  A plant (D:5)
  A withered plant (D:4)
3 creatures vanquished.

Grand Total: 138 creatures vanquished

Notes
Turn   | Place    | Note
-------+----------+-------------------------------------------
     0 | D:1      | mallonox the Minotaur Berserker began the quest for the
                  | Orb.
     0 | D:1      | Reached XP level 1. HP: 19/19 MP: 0/0
   230 | D:1      | Reached XP level 2. HP: 18/27 MP: 1/1
   304 | D:1      | Found Urengut's Magic Scroll Emporium.
   524 | D:1      | Reached XP level 3. HP: 34/34 MP: 2/2
   559 | D:1      | Reached ** piety under Trog
  1185 | D:2      | Reached skill level 5 in Fighting
  1185 | D:2      | Reached skill level 3 in Armour
  1193 | D:2      | Reached XP level 4. HP: 37/42 MP: 3/3
  1310 | D:2      | Found Ammam's Antique Weapon Boutique.
  2088 | D:3      | Found Uvuleuh's Antique Armour Shoppe.
  2256 | D:3      | Found a shimmering altar of Xom.
  2261 | D:3      | Reached XP level 5. HP: 48/48 MP: 4/4
  2330 | D:3      | Found a faded altar of an unknown god.
  2337 | D:3      | Reached skill level 4 in Armour
  2850 | D:4      | Noticed a phantom
  2856 | D:4      | Reached *** piety under Trog
  2863 | D:4      | Killed a phantom
  2867 | D:4      | Reached skill level 5 in Armour
  2868 | D:4      | Reached XP level 6. HP: 38/57 MP: 5/5
  3162 | D:4      | Found Ixzeok's Distillery.
  3171 | D:4      | Bought a potion of heal wounds for 70 gold pieces
  3334 | D:5      | Entered Level 5 of the Dungeon
  3349 | D:5      | Reached skill level 6 in Armour
  3380 | D:5      | Noticed an ice beast
  3397 | D:5      | Killed an ice beast
  3398 | D:5      | Reached XP level 7. HP: 61/64 MP: 6/6
  3426 | D:5      | Found a stormy altar of Qazlal.
  3504 | D:5      | Identified the +8 chain mail "Tixidel" {rF+ Will++ Int-3
                  | Dex+2}
  3592 | D:5      | Found a blossoming altar of Fedhas.
  3607 | D:5      | Found a runed translucent gate.
  3610 | D:5      | Reached skill level 7 in Armour
  3611 | D:5      | Found a runed translucent gate.
  3612 | D:5      | Found a runed translucent gate.
  3628 | D:5      | Noticed Caterwaul's ghost (novice HuMo)
  3735 | D:5      | Killed Caterwaul's ghost
  3736 | D:5      | Reached skill level 8 in Armour
  3736 | D:5      | Reached XP level 8. HP: 60/73 MP: 7/7
  4496 | D:6      | Reached skill level 9 in Armour
  4496 | D:6      | Reached skill level 5 in Dodging
  4748 | D:6      | Found a staircase to the Ecumenical Temple.
  5124 | D:6      | Reached **** piety under Trog
  5125 | D:6      | Reached skill level 10 in Armour
  5315 | D:6      | Found a radiant altar of Vehumet.
  5315 | D:6      | Found a sparkling altar of Nemelex Xobeh.
  5383 | D:6      | Slain by an orc wizard

Illustrated notes

Levels and vault maps discovered:
D:1:      lightli_arrival_farm, layout_basic, serial_shops,
          nicolae_shop_tiny_waterfront
D:2:      layout_basic, serial_shops, nicolae_square_shop
D:3:      layout_loops_ring, mainiacjoe_overflow_paths,
          ebering_ecumenical_altar_abandoned, serial_shops,
          nicolae_shop_waterfront
D:4:      layout_cave_pools, serial_shops,
          nicolae_shop_temple_entry_statues_fountains, serial_undead,
          serial_undead_a, serial_undead_c, serial_undead_f, serial_undead_e,
          uniq_eustachio
D:5:      layout_basic, marbit_many_paths, mainiacjoe_overflow_surrounded_room,
          serial_curves, eino_curves_02, eino_curves_01,
          gammafunk_ghost_nasty_kobolds, chequers_serial_rivers_micro_b,
          solitary_fountain
D:6:      layout_loops_cross, nicolae_overflow_two_pavilions,
          minmay_temple_entry_glassed_door

Skill      XL: |  1  2  3  4  5  6  7  8 |
---------------+-------------------------+-----
Fighting       | 4 5 6 7 8 |  8.3
Armour         | 3 5 6 8 10 | 10.3
Dodging        | 3 4 5 |  5.5
Axes           | |  3.6

Action                     |  1- 3 |  4- 6 |  7- 9 || total
---------------------------+-------+-------+-------++-------
  Melee: Hand axe          |    74 |   138 |   151 ||   363
         Headbutt          |    11 |    15 |    34 ||    60
         Punch             |       |     4 |     2 ||     6
 Invoke: Berserk           |       |       |     1 ||     1
         Trog's Hand       |       |       |     1 ||     1
 Armour: Scale mail        |    26 |    79 |     5 ||   110
         Chain mail        |       |       |   102 ||   102
  Dodge: Dodged            |    38 |   106 |    81 ||   225
